 Dungeon Crawl Stone Soup version 0.28.0-47-ge53b351184 (webtiles) character file.

Game seed: 7788699945537852349

1469 pkoi the Insei (level 8, -1/63 HPs)
             Began as a Demigod Gladiator on May 1, 2022.
             Slain by a gnoll sergeant
             ... wielding a +0 trident
              (11 damage)
             ... on level 5 of the Dungeon.
             The game lasted 00:15:54 (10802 turns).

pkoi the Insei (Demigod Gladiator)                 Turns: 10802, Time: 00:15:54

Health: -1/63      AC:  7    Str: 15    XL:     8   Next: 24%
Magic:  13/16      EV: 12    Int: 18    God:
Gold:   338        SH:  0    Dex: 10    Spells: 10/13 levels left

rFire   . . .      SeeInvis .     - Unarmed
rCold   + + +      Faith    .   (no shield)
rNeg    . . .      Spirit   .   i - +3 robe of Gallantry {Contam +Blink rC+++ Dex-5}
rPois   .          Reflect  .   b - +0 helmet
rElec   .          Harm     .   (no cloak)
rCorr   +          Rampage  .   p - +0 pair of gloves
Will    .....                   (no boots)
Stlth   +.........              (no amulet)
HPRegen 0.20/turn               m - ring of protection from cold
MPRegen 0.15/turn               u - ring of resist corrosion

@: no status effects
A: high MP 1, forlorn, divine attributes
a: Evoke Blink


You were on level 5 of the Dungeon.
You visited 1 branch of the dungeon, and saw 6 of its levels.

You collected 338 gold pieces.

Inventory:

Hand Weapons
 e - a +0 dagger
 g - a +0 hunting sling
Missiles
 c - 2 throwing nets
 d - 23 poisoned darts
 h - 106 stones
Armour
 a - a +0 leather armour
 b - a +0 helmet (worn)
 i - the +3 robe of Gallantry (worn) {Contam +Blink rC+++ Dex-5}
   (You found it on level 2 of the Dungeon)

   Dex:       It affects your dexterity (-5).
   rC:        It renders you almost immune to cold.
   +Blink:    It lets you blink.
   Contam:    It causes magical contamination when unequipped.
 p - a +0 pair of gloves (worn)
Magical Staves
 n - a staff of death
Jewellery
 m - a ring of protection from cold (left hand)
 o - a ring of see invisible
 u - a ring of resist corrosion (right hand)
Wands
 s - a wand of polymorph (5)
 v - a wand of iceblast (6)
Scrolls
 f - 4 scrolls of teleportation
 k - a scroll of magic mapping
Potions
 j - a potion of attraction {unknown}
 l - a potion of flight
 q - 2 potions of curing {unknown}
 r - 2 potions of haste {unknown}
 t - a potion of berserk rage
 w - a potion of might {unknown}
 x - a potion of lignification {unknown}
 z - a potion of invisibility {unknown}


   Skills:
 - Level 3.0 Fighting
 - Level 1.7 Throwing
 + Level 0.4 Armour
 + Level 2.8 Dodging
 * Level 7.7 Unarmed Combat
 + Level 3.4 Spellcasting
 + Level 1.7 Transmutations
 + Level 3.3 Earth Magic


You had 10 spell levels left.
You knew the following spells:

 Your Spells              Type           Power      Damage    Failure   Level
a - Sandblast             Erth           30%        2d9       4%          1
b - Passwall              Tmut/Erth      10%        N/A       9%          2

Your spell library contained the following spells:

 Spells                   Type           Power      Damage    Failure   Level
 Freeze                   Ice            12%        1d4       16%         1
 Stone Arrow              Conj/Erth      18%        3d8       24%         3
 Frozen Ramparts          Ice            6%         1d2       43%         3
 Hailstorm                Conj/Ice       3%         3d3       83%         4


Dungeon Overview and Level Annotations

Branches:
Dungeon (6/15)             Temple (0/1) D:4

Shops:
D:3 ?   D:4 (

Annotations:
D:5 3 runed translucent doors, Lamak's ghost, amateur DECj


Innate Abilities, Weirdness & Mutations

You have an increased reservoir of magic. (+10% MP)
You shall have no god before yourself.
Your divine heritage dramatically boosts your attributes as you level up.


Message History

You hit the centaur zombie.
You destroy the centaur zombie!
The gnoll sergeant closely misses you.
The gnoll sergeant hits you with a +0 trident!
* * * LOW HITPOINT WARNING * * *
There is a stone staircase leading up, spattered with blood here.
The gnoll sergeant hits you with a +0 trident!
* * * LOW HITPOINT WARNING * * *
You climb upwards.
Level annotation: 3 runed translucent doors, Lamak's ghost, amateur DECj
There is a stone staircase leading down here.
Aiming: Sandblast (safe; 4% risk of failure)
Press: ? - help, Q - select action, (/) - cycle Shift-Dir - straight line, f - gnoll sergeant
Aim: a gnoll sergeant, wielding a +0 trident and wearing a +0 ring mail (85% to hit)
The blast of sand hits the gnoll sergeant!
The gnoll sergeant is moderately wounded.
The gnoll sergeant hits you with a +0 trident.
* * * LOW HITPOINT WARNING * * *
Aiming: Sandblast (safe; 4% risk of failure)
Press: ? - help, Q - select action, (/) - cycle Shift-Dir - straight line, f/p - gnoll sergeant
Aim: a gnoll sergeant, wielding a +0 trident and wearing a +0 ring mail (moderately wounded, 85% to hit)
The blast of sand hits the gnoll sergeant.
The gnoll sergeant is moderately wounded.
The gnoll sergeant hits you with a +0 trident!
* * * LOW HITPOINT WARNING * * *
Aiming: Sandblast (safe; 4% risk of failure)
Press: ? - help, Q - select action, (/) - cycle Shift-Dir - straight line, f/p - gnoll sergeant
Aim: a gnoll sergeant, wielding a +0 trident and wearing a +0 ring mail (moderately wounded, 85% to hit)
The blast of sand hits the gnoll sergeant.
The gnoll sergeant is heavily wounded.
The gnoll sergeant hits you with a +0 trident.
* * * LOW HITPOINT WARNING * * *
You hit the gnoll sergeant.
The gnoll sergeant is severely wounded.
The gnoll sergeant hits you with a +0 trident.
* * * LOW HITPOINT WARNING * * *
You hit the gnoll sergeant. You punch the gnoll sergeant.
The gnoll sergeant is severely wounded.
The gnoll sergeant hits you with a +0 trident!
You die...

##### #...# #.#.# ####.#.####
######### #....#....# #.......#
#.#######.#
#.#####.####..[@#....##########
#.# #.........[g#.............#
#.###.#.######..#..##########.#
#.......## ##...## #.#
##.......# ##.## #.## #.##.##.#
#.# #..# #.##.##.# #.# ##.#
#.#..##.# ##'## #.# #.#.###.#
##...## #<#


You could see a gnoll sergeant.

Vanquished Creatures
  A water moccasin (D:6)
  A necrophage (D:6)
  4 ogres
  A centaur (D:6)
  A phantom (D:4)
  A bullfrog (D:6)
  A scorpion (D:6)
  A wyvern skeleton (D:5)
  A centaur zombie (D:6)
  A bullfrog zombie (D:5)
  A hound (D:4)
  A bullfrog skeleton (D:5)
  4 iguanas
  An orc priest (D:4)
  Jessica (D:3)
  A scorpion zombie (D:5)
  3 orc wizards
  A hound zombie (D:5)
  2 howler monkey zombies (D:6)
  5 adders
  A howler monkey skeleton (D:5)
  2 white imps
  An ufetubus (D:5)
  2 adder skeletons
  3 worms
  3 dart slugs
  15 orcs
  8 ball pythons
  8 bats
  8 endoplasms
  5 giant cockroaches
  7 goblins
  9 hobgoblins
  12 kobolds
  5 quokkas
  3 frilled lizards
  5 rats
130 creatures vanquished.

Notes
Turn   | Place    | Note
-------+----------+-------------------------------------------
     0 | D:1      | pkoi the Demigod Gladiator began the quest for the Orb.
     0 | D:1      | Reached XP level 1. HP: 17/17 MP: 3/3
    90 | D:1      | Reached skill level 3 in Unarmed Combat
   208 | D:1      | Reached XP level 2. HP: 10/24 MP: 4/4
  1042 | D:1      | Reached XP level 3. HP: 26/29 MP: 5/5
  1213 | D:1      | Reached skill level 4 in Unarmed Combat
  1485 | D:2      | Identified the +3 robe of Gallantry {Contam +Blink rC+++
                  | Dex-5}
  1633 | D:2      | You fall into a shaft and drop 1 floor!
  1634 | D:3      | Noticed Jessica
  1645 | D:3      | Killed Jessica
  1768 | D:2      | Reached XP level 4. HP: 36/36 MP: 6/6
  3476 | D:3      | Noticed an ogre
  3830 | D:3      | Killed an ogre
  3831 | D:3      | Reached skill level 5 in Unarmed Combat
  3831 | D:3      | Reached skill level 1 in Spellcasting
  3831 | D:3      | Reached XP level 5. HP: 7/42 MP: 7/9
  4206 | D:3      | Found Vodooleq's Magic Scroll Emporium.
  4421 | D:4      | Found Ficap's Antique Weapon Shop.
  4837 | D:4      | Found a staircase to the Ecumenical Temple.
  4878 | D:4      | Reached XP level 6. HP: 25/50 MP: 10/10
  5031 | D:4      | Learned a level 1 spell: Sandblast
  5590 | D:5      | Entered Level 5 of the Dungeon
  6501 | D:5      | Reached skill level 6 in Unarmed Combat
  6525 | D:5      | Reached skill level 1 in Earth Magic
  7696 | D:5      | Found a runed translucent gate.
  7696 | D:5      | Found a runed translucent gate.
  7697 | D:5      | Found a runed translucent gate.
  7697 | D:5      | Noticed Lamak's ghost (amateur DECj)
  7705 | D:5      | Reached XP level 7. HP: 57/57 MP: 13/13
  8116 | D:6      | Reached skill level 7 in Unarmed Combat
  9135 | D:6      | Learned a level 2 spell: Passwall
  9340 | D:6      | Reached skill level 1 in Transmutations
  9999 | D:6      | Reached XP level 8. HP: 49/63 MP: 16/16
 10802 | D:5      | Slain by a gnoll sergeant

Illustrated notes

Levels and vault maps discovered:
D:1:      psy_arrival_basics, layout_loops_corners, serial_park_tiny_1,
          minivault_23, minmay_cupped
D:2:      layout_basic, minmay_indecisive_spiral
D:3:      layout_loops_ring, serial_shops, shop, uniq_jessica
D:4:      cheibrodos_quashed, layout_basic, gammafunk_temple_overflow_wave,
          mainiacjoe_overflow_alcove_1, kennysheep_mini_moat,
          mainiacjoe_overflow_big_doors, minmay_temple_entry_arrows,
          serial_shops, nicolae_shop_hallway_stairs
D:5:      layout_loops_corners, mainiacjoe_overflow_catwalk,
          biasface_ghost_orc_armoury
D:6:      layout_rooms, grunt_temple_overflow_opulence,
          minmay_increasing_density

Skill      XL: |  1  2  3  4  5  6  7 |
---------------+----------------------+-----
Unarmed Combat | 3 4 5 6 7 |  7.7
Fighting       | 2 3 |  3.0
Spellcasting   | 1 2 3 |  3.4
Earth Magic    | 1 3 |  3.3
Transmutations | 1 |  1.7
Throwing       | |  1.7
Armour         | |  0.4
Dodging        | |  2.8

Action                   |  1- 3 |  4- 6 |  7- 9 || total
-------------------------+-------+-------+-------++-------
Melee: Unarmed           |    82 |   158 |   172 ||   412
       Punch             |     3 |     6 |    13 ||    22
 Fire: Hunting sling     |    40 |   135 |       ||   175
Throw: Throwing net      |       |     3 |     1 ||     4
 Cast: Sandblast         |       |     6 |     5 ||    11
Evoke: Wand              |       |       |     3 ||     3
  Use: Scroll            |       |     9 |     1 ||    10
 Stab: Held in net/web   |       |     2 |       ||     2
Armor: Leather armour    |    30 |       |       ||    30
       Robe              |     3 |    52 |    48 ||   103
Dodge: Dodged            |    63 |   119 |    88 ||   270
